AoeStats
← merakudo

Coastal Forest

510552459Analyzed
3v3 RM · 14h ago on Oct 1, 2026· 19m 36s· 6 players
Game mode
Random Map
Map size
Normal (6 player)
Population
200
Speed
Normal
Resources
Standard
Victory
Conquest
Starting age
Dark Age
Ending age
Imperial Age
RankedLock teamsTeams togetherTeam positionsShared explorationLock speedFull tech treeHidden civsTurbo modeCheats
Victory
Defeat
🇮🇹 Byzantines · Italy
993
+16
🇮🇹 Britons · Italy
981
+16
🇮🇹 Magyars · Italy
958
+17
🇲🇽 Turks · Mexico
1016
-17
🇹🇼 Ethiopians · Taiwan
1000
-51
🇺🇸 Japanese · United States
949
-44
stepsm193
0:38 Loom
10:55 Feudal Age
20:53 Castle Age
19:35 Double-Bit Axe
LordGiamma
6:59 Loom
9:46 Feudal Age
18:19 Double-Bit Axe
20:48 Castle Age
Jan2427
13:51 Feudal Age
13:58 Feudal Age
14:51 Feudal Age
13:07 Loom
19:11 Castle Age
17:25 Double-Bit Axe
17:36 Horse Collar
Zeus GX
7:27 Loom
10:19 Feudal Age
merakudo
13:32 Feudal Age
12:45 Loom
stornrainya
7:36 Loom
13:14 Feudal Age
20:26 Castle Age
19:24 Fishing Lines
19:33 Double-Bit Axe
Connection lost

Rejoining the realm…

Still unreachable

The connection could not be restored.

Session expired

The server has moved on; the page needs a fresh start.